Map: Prion Terraces

Players

deadlypatate

  • Race: Zerg Zerg
  • League: Master

Miszu - Winner!

  • Race: Terran Terran
  • League: Master

VOD

Have the link to the VOD?

Description

Time

  • Played on: March 10, 2016, 3:53 p.m.
  • Length: 3:04
Show
View Real Time Build Order
Export as new Build Order

deadlypatate Zerg 

Build Orders: Pool First 

Get SALT Encoding   

  12  0:01  Drone  
  13  0:09  Drone  
  14  0:27  Spawning Pool  
  13  0:29  Extractor  
  13  0:31  Drone  
  13  0:40  Overlord  
  13  0:44  Drone  
  14  0:52  Extractor  
  14  0:53  Drone  
  15  0:58  Drone  
  16  1:06  Drone  
  17  1:14  Roach Warren  
  16  1:24  Queen  
  18  1:28  Zergling x2  
  19  1:35  Overlord  
  19  1:54  Roach  
  19  1:55  Roach  
  19  1:58  Roach  
  25  2:11  Drone  
  26  2:23  Hatchery  
  25  2:34  Overlord  
  25  2:35  Drone  
  26  2:45  Ravager  
Show
View Real Time Build Order
Export as new Build Order

Miszu Terran - Winner!

Build Orders:  

Get SALT Encoding   

  12  0:00  SCV  
  13  0:12  SCV  
  14  0:18  Supply Depot  
  14  0:24  SCV  
  15  0:40  SCV  
  15  0:42  Barracks  
  16  0:44  Refinery  
  16  0:52  SCV  
  17  1:04  Barracks, SCV  
  19  1:21  Barracks  
  19  1:24  SCV  
  19  1:29  Reaper  
  19  1:31  Refinery  
  20  1:43  Supply Depot  
  20  1:52  Reaper  
  21  2:00  Orbital Command  
  21  2:04  Reaper  
  22  2:09  Reaper  
  23  2:18  Supply Depot  
  23  2:25  Reaper  
  24  2:31  SCV  
  26  2:48  SCV  
Tags
 
Add a new tag
Caveats
  • Supply blocks, unpowered buildings, or Contaminate may cause inaccurate times.
  • Supply counts are checked every 10 seconds.